 Dungeon Crawl Stone Soup version bcrawl-1.37.2 (webtiles) character file.

Game seed: 1791916940360365606

367575 Coyote68 the Martial Artist (level 10, -4/72 HPs)
             Began as a Human Martial Artist on Nov 28, 2022.
             Was an Elder of Wu Jian.
             Killed from afar by an electric eel (14 damage)
             ... with a bolt of electricity
             ... on level 8 of the Dungeon.
             The game lasted 00:23:37 (6841 turns).

Coyote68 the Martial Artist (Human Martial Artist)  Turns: 6841, Time: 00:23:38

Health: -4/72      AC: 12    Str: 18    XL:     10   Next: 90%
Magic:  11/11      EV: 15    Int: 10    God:    Wu Jian [****..]
Gold:   611        SH:  0    Dex: 19    Spells: 10/11 levels left

rFire    . . .     GDR:     35%   - Fists (21.2)
rCold    . . .     SeeInvis .   (no shield)
rNeg     . . .     Gourm    .   A - +0 troll leather armour
rPois    .         Faith    .   y - +0 helmet
rElec    .         Spirit   .   H - +2 cloak
rCorr    .         Reflect  .   (no gloves)
MR       +....                  E - +1 pair of boots
Stlth    +++.......             s - amulet of regeneration
HPRegen  0.95/turn              m - ring of protection from magic
MPRegen  0.12/turn              l - +6 ring of strength

@: lightly drained
A: no striking features
a: Wall Jump, Serpent's Lash, Heavenly Storm, Renounce Religion


You were on level 8 of the Dungeon.
You worshipped Wu Jian.
Wu Jian was greatly pleased with you.
You were hungry.

You visited 1 branch of the dungeon, and saw 8 of its levels.

You collected 633 gold pieces.
You spent 22 gold pieces at shops.

Inventory:

Armour
 c - +1 fire dragon scales
 y - a +0 helmet (worn)
 A - a +0 troll leather armour (worn)
 E - a +1 pair of boots (worn)
 H - a +2 cloak (worn)
Jewellery
 f - an uncursed ring of wizardry
 l - a +6 ring of strength (right hand)
 m - a ring of protection from magic (left hand)
 s - an amulet of regeneration (around neck)
Wands
 i - a wand of acid (4)
 r - a wand of charming (16)
 z - a wand of flame (19)
 B - a wand of iceblast (7)
Scrolls
 d - a scroll of enchant weapon
 j - 2 scrolls of remove curse
 n - 2 scrolls of teleportation
 q - a scroll of fear {unknown}
 u - 4 scrolls of immolation
 v - 2 scrolls of magic mapping
Potions
 a - 3 potions of brilliance {unknown}
 b - a potion of agility
 g - 2 potions of haste
 h - a potion of heal wounds {unknown}
 k - 3 potions of curing
 o - a potion of cancellation
 p - 2 potions of might
 t - 2 potions of ambrosia
 x - a potion of mutation {unknown}
 C - a potion of flight {unknown}
 D - a potion of lignification
 G - a potion of magic {unknown}
Comestibles
 e - 4 rations {!d}
 w - 2 chunks of flesh


   Skills:
 + Level 4.3(4.1) Fighting
 + Level 6.7(6.5) Armour
 + Level 5.4(5.2) Dodging
 + Level 5.3(5.1) Stealth
 + Level 13.6(13.3) Unarmed Combat
 + Level 1.0(0.8) Spellcasting
 + Level 1.1(0.9) Hexes


You had 10 spell levels left.
You knew the following spells:

 Your Spells              Type           Power        Failure   Level  Hunger
a - Confusing Touch       Hex            #.......     28%         1    None

Your spell library contained the following spells:

 Spells                   Type           Power        Failure   Level  Hunger
 Magic Dart               Conj           #...         38%         1    None
 Blink                    Tloc           N/A          52%         2    ###....
 Call Imp                 Summ           #.....       52%         2    ###....
 Conjure Flame            Conj/Fire      #.......     77%         3    #####..
 Mephitic Cloud           Conj/Pois/Air  #.......     77%         3    #####..
 Spider Form              Tmut/Pois      #..          77%         3    #####..


Dungeon Overview and Level Annotations

Branches:
Dungeon (8/12)             Temple (0/1) D:4            Lair (0/6) D:8
    Orc: D:8-11

Altars:
Ashenzari
Dithmenos
Hepliaklqana
Kikubaaqudgha
Lugonu
Makhleb
Nemelex Xobeh
Qazlal
Sif Muna
Wu Jian
The Shining One

Shops:
D:6 ?


Message History

The bolt of electricity hits you!
You closely miss the hound.
The hound is almost dead.
The electric eel shoots out a bolt of lightning at you!
The bolt of electricity hits you!
The electric eel shoots out a bolt of lightning at you!
The bolt of electricity hits you!
* * * LOW HITPOINT WARNING * * *
The hound misses you.
The electric eel shoots out a bolt of lightning at you!
The bolt of electricity hits the electric eel.
The electric eel completely resists.
The bolt of electricity hits you.
* * * LOW HITPOINT WARNING * * *
You spin and attack the hound.
You closely miss the hound.
The hound is almost dead.
The hound barely misses you. The hound closely misses you.
The electric eel shoots out a bolt of lightning at you!
The bolt of electricity hits the electric eel.
The electric eel completely resists.
The bolt of electricity hits you!
You die...

##.≈≈≈≈.≈.≈.≈≈≈≈≈#
.....≈≈≈≈≈≈≈;≈≈≈≈#
#...≈≈≈≈≈≈≈≈≈..≈#
#.≈≈≈.≈.≈≈≈≈≈.≈.#
#....≈.≈≈;≈≈≈...#
#....≈.≈...≈....######
#......;.≈....≈......#
#....h......†...####.#
#.##.@###.$........#.#
........#
##...#.###.#.#
###.###.####?.##.# #.#
# #..........# #.#
######†÷#### #.# #††##
#.# ##...#####.#.# ##
##........>.#.# ##.##
##.......#####..


You could see a hound and 3 electric eels.

Vanquished Creatures
  A tengu warrior (D:7)
  Pikel (D:5)
  2 trolls
  Grinder (D:3)
  A hippogriff (D:6)
  Sigmund (D:3)
  A yak (D:8)
  A hungry ghost (D:5)
  A crocodile (D:5)
  Duvessa (D:4)
  A sky beast (D:3)
  A slave (D:5)
  An orc warrior (D:6)
  3 ice beasts
  A phantom (D:7)
  6 ogres
  2 wolves (D:8)
  2 bullfrogs (D:8)
  A centaur (D:5)
  Dowan (D:4)
  A scorpion (D:4)
  2 howler monkeys (D:4)
  4 orc priests
  4 crimson imps
  Crazy Yiuf (D:4)
  2 bullfrog skeletons
  6 hounds (D:8)
  A jelly (D:6)
  2 bullfrog zombies
  An orc wizard (D:7)
  An iguana (D:5)
  4 worker ants
  Natasha (twice) (D:3)
  A killer bee zombie (D:6)
  A hound zombie (D:5)
  A howler monkey zombie (D:6)
  11 adders
  3 gnolls (D:7)
  A howler monkey skeleton (D:4)
  3 shadow imps
  An adder skeleton (D:7)
  An adder zombie (D:6)
  3 worms
  3 dart slugs
  An adder simulacrum (D:8)
  18 orcs
  8 giant cockroaches
  4 goblins
  5 hobgoblins (D:1)
  3 jackals
  6 kobolds
  7 bats
  5 frilled lizards
  A quokka skeleton (D:4)
  5 rats
153 creatures vanquished.

Notes
Turn   | Place    | Note
-------+----------+-------------------------------------------
     0 | D:1      | Coyote68 the Human Martial Artist began the quest for the
                  | Orb.
     0 | D:1      | Reached XP level 1. HP: 18/18 MP: 2/2
   316 | D:1      | Reached XP level 2. HP: 24/24 MP: 3/3
   455 | D:1      | Reached XP level 3. HP: 29/29 MP: 4/4
   553 | D:1      | Reached skill level 5 in Unarmed Combat
   984 | D:2      | Reached ** piety under Wu Jian
   990 | D:2      | Noticed an ogre
  1020 | D:2      | Killed an ogre
  1021 | D:2      | Reached XP level 4. HP: 13/35 MP: 5/5
  1021 | D:2      | Reached XP level 5. HP: 15/41 MP: 6/6
  1119 | D:2      | Found a sparkling altar of Nemelex Xobeh.
  1426 | D:2      | Found a shimmering blue altar of Sif Muna.
  1699 | D:3      | Reached skill level 6 in Unarmed Combat
  1834 | D:3      | Reached XP level 6. HP: 46/47 MP: 7/7
  1884 | D:3      | Noticed Grinder
  1896 | D:3      | Killed Grinder
  1897 | D:3      | Reached skill level 7 in Unarmed Combat
  1897 | D:3      | Reached XP level 7. HP: 43/52 MP: 8/8
  2093 | D:3      | Noticed Natasha
  2104 | D:3      | Killed Natasha
  2121 | D:3      | Noticed Sigmund
  2139 | D:3      | Killed Sigmund
  2140 | D:3      | Reached skill level 1 in Armour
  2185 | D:3      | Found a shattered altar of Ashenzari.
  2367 | D:3      | Noticed Natasha
  2377 | D:3      | Killed Natasha
  2550 | D:3      | Reached skill level 8 in Unarmed Combat
  2612 | D:3      | Found a faded altar of an unknown god.
  2755 | D:4      | Reached XP level 8. HP: 60/60 MP: 9/9
  2811 | D:4      | Found a staircase to the Ecumenical Temple.
  2812 | D:4      | Noticed Dowan
  2812 | D:4      | Noticed Duvessa
  2823 | D:4      | Killed Dowan
  2825 | D:4      | Killed Duvessa
  2933 | D:4      | Reached *** piety under Wu Jian
  2974 | D:4      | Found a runed door.
  3086 | D:4      | Reached skill level 9 in Unarmed Combat
  3338 | D:4      | Found an ancient bone altar of Kikubaaqudgha.
  3917 | D:4      | Noticed Crazy Yiuf
  3925 | D:4      | Killed Crazy Yiuf
  3984 | D:5      | Entered Level 5 of the Dungeon
  4127 | D:5      | Reached XP level 9. HP: 63/65 MP: 10/10
  4141 | D:5      | Reached skill level 5 in Stealth
  4141 | D:5      | Reached skill level 10 in Unarmed Combat
  4306 | D:5      | Found a corrupted altar of Lugonu.
  4369 | D:5      | Noticed Pikel
  4386 | D:5      | Killed Pikel
  4414 | D:5      | Found a glowing drain.
  4842 | D:5      | Reached skill level 11 in Unarmed Combat
  4944 | D:6      | Found Xokadu's Magic Scroll Boutique.
  4966 | D:6      | Bought a scroll of identify for 22 gold pieces
  5026 | D:6      | Reached skill level 5 in Armour
  5037 | D:6      | HP: 3/65 [orc warrior/+0 trident (8)]
  5063 | D:5      | Reached skill level 5 in Dodging
  5128 | D:6      | Reached XP level 10. HP: 48/71 MP: 11/11
  5467 | D:6      | Reached skill level 12 in Unarmed Combat
  5563 | D:7      | Found a shadowy altar of Dithmenos.
  5563 | D:7      | Found a glowing golden altar of the Shining One.
  5653 | D:7      | Reached **** piety under Wu Jian
  5706 | D:7      | Found a burning altar of Makhleb.
  5828 | D:7      | Noticed a tengu warrior
  5839 | D:7      | Killed a tengu warrior
  5840 | D:7      | Reached skill level 13 in Unarmed Combat
  5878 | D:7      | Found an ornate altar of the Wu Jian Council.
  5906 | D:7      | Found a hazy altar of Hepliaklqana.
  6252 | D:8      | Found a stormy altar of Qazlal.
  6832 | D:8      | Found a staircase to the Lair.
  6841 | D:8      | Killed from afar by an electric eel

Skill      XL: |  1  2  3  4  5  6  7  8  9 10 |
---------------+-------------------------------+-----
Unarmed Combat | 5 6 7 8 9 11 13 | 13.6
Stealth        | 2 3 4 5 |  5.3
Dodging        | 4 5 |  5.4
Armour         | 1 3 5 6 |  6.7
Fighting       | 4 |  4.3
Spellcasting   | |  1.0
Hexes          | |  1.1

Action                   |  1- 3 |  4- 6 |  7- 9 | 10-12 || total
-------------------------+-------+-------+-------+-------++-------
Melee: Unarmed           |    88 |    52 |   310 |   159 ||   609
       Punch             |     2 |     5 |     9 |    10 ||    26
Invok: Lunge             |    15 |     8 |    20 |    11 ||    54
       Whirlwind         |    18 |     7 |    71 |    60 ||   156
 Abil: Serpent's Lash    |       |     1 |     4 |     3 ||     8
  Use: Scroll            |     5 |     2 |     6 |     5 ||    18
 Stab: Sleeping          |     4 |     4 |     2 |     4 ||    14
       Distracted        |       |       |       |     1 ||     1
  Eat: Chunk             |     2 |     2 |     8 |     5 ||    17
       Ration            |       |     1 |     3 |     1 ||     5
Armor: Robe              |     7 |     1 |       |       ||     8
       Leather armour    |       |     3 |     2 |       ||     5
       Fire dragon scale |       |       |    75 |    15 ||    90
       Troll leather arm |       |       |       |    19 ||    19
Dodge: Dodged            |    37 |    15 |   107 |    77 ||   236
